 Dungeon Crawl Stone Soup version 0.31-a0-150-g89dc3ad700 (webtiles) character file.

Game seed: 451042795000132257

340 qw the Shooter (level 6, -3/51 HPs)
             Began as a Minotaur Hunter on June 8, 2023.
             Slain by an orc priest
             ... wielding a +0 flail
              (7 damage)
             ... on level 6 of the Dungeon.
             The game lasted 00:00:57 (1791 turns).

qw the Shooter (Minotaur Hunter)                    Turns: 1791, Time: 00:00:58

Health: -3/51      AC:  6    Str: 16    XL:     6   Next: 30%
Magic:  5/5        EV: 11    Int:  6    God:
Gold:   122        SH:  0    Dex: 15    Spells: 5/5 levels left

rFire   . . .        Y - +0 shortbow
rCold   . . .        (shield currently unavailable)
rNeg    . . .        h - +0 ring mail
rPois   .            (helmet restricted)
rElec   .            (no cloak)
rCorr   .            (no gloves)
SInv    .            (no boots)
Will    .....        (no amulet)
Stlth   +            (no ring)
HPRegen 0.28/turn    (no ring)
MPRegen 0.09/turn

%: no passive effects
@: no status effects
A: horns 2, retaliatory headbutt
a: no special abilities


You were on level 6 of the Dungeon.
You visited 1 branch of the dungeon, and saw 4 of its levels.

You collected 122 gold pieces.


Innate Abilities, Weirdness & Mutations

You have a pair of horns on your head.
You reflexively headbutt those who attack you in melee.


   Skills:
 + Level 3.6 Fighting
 - Level 6.1 Ranged Weapons
 - Level 5.3 Armour
 - Level 2.1 Dodging
 - Level 0.7 Stealth


You had 5 spell levels left.
You didn't know any spells.
Your spell library was empty.

Inventory:

Hand Weapons
 Y - a +0 shortbow (weapon)
Armour
 h - a +0 ring mail (worn)
Scrolls
 b - a scroll of identify
 c - a scroll of enchant armour
Potions
 a - a potion of might
 d - 2 potions of curing
 g - a potion of enlightenment {unknown}
 i - a potion of brilliance {unknown}
 k - a potion of mutation {unknown}
 l - a potion of magic {unknown}

Dungeon Overview and Level Annotations

Branches:
Dungeon (6/15)
 Temple: D:4-7

Altars:
Uskayaw


Message History

You shoot an arrow. The arrow hits the orc warrior.
The orc warrior is lightly wounded.
The orc warrior hits you with a +0 war axe!
You shoot an arrow. The arrow hits the orc warrior.
The orc warrior is moderately wounded.
The orc warrior hits you with a +0 war axe!
You shoot an arrow.
The arrow closely misses the orc warrior.
The orc wizard points at you and mumbles some strange words.
You are confused.
The orc warrior hits you with a +0 war axe! x2
The orc wizard closely misses you. The orc priest barely misses you.
1787 ||| DRINKING 3 potions of curing.
You feel better.
1787 ||| (to cure confusion)
The orc wizard closely misses you.
The orc priest hits you but does no damage.
The orc warrior hits you with a +0 war axe.
You shoot an arrow.
The arrow hits the orc warrior but does no damage.
The orc warrior is moderately wounded.
The orc priest hits you with a +0 flail.
The orc wizard hits you but does no damage.
The orc warrior barely misses you. You furiously retaliate!
You headbutt the orc warrior. You shoot an arrow.
The arrow closely misses the orc warrior.
The orc wizard hits you but does no damage.
The orc priest misses you.
The orc warrior hits you but does no damage.
You shoot an arrow.
The arrow completely misses the orc warrior.
The orc wizard points at you and mumbles some strange words.
The magic dart hits you.
The orc priest hits you with a +0 flail.
The orc warrior closely misses you.
You shoot an arrow.
The arrow closely misses the orc warrior.
The orc wizard hits you with a +0 dagger.
The orc priest hits you with a +0 flail!
You die...

####.. ##.....#.# .....
#........# >... .
>........# ... ..
.........# #......
.........# ....... #
.........# ##.#..... .
.........# ##oo...... #
.....)...# ##.@o#....
.........### #..........
......)....###....#.....
......)..#..............
......)..####.....##..##
?.................# .#
.............####..# #
........#.#..# #...
....#.......... .#..


You could see an orc warrior, an orc priest and an orc wizard.

Vanquished Creatures
  Sigmund (D:2)
  A jelly (D:6)
  A hound (D:6)
  An orc wizard (D:6)
  A gnoll (D:1)
  3 adders
  A worm (D:2)
  3 orcs
  7 bats
  3 endoplasms
  A giant cockroach (D:2)
  6 hobgoblins
  3 quokkas
  6 ball pythons
  4 frilled lizards
  4 goblins
  2 kobolds
  A rat (D:1)
49 creatures vanquished.

Notes
Turn   | Place    | Note
-------+----------+-------------------------------------------
     0 | D:1      | qw the Minotaur Hunter began the quest for the Orb.
     0 | D:1      | Reached XP level 1. HP: 18/18 MP: 0/0
     0 | D:1      | 0 ||| qw: Version: 0.2-a-119-g7aa9181
     0 | D:1      | 0 ||| qw: Game counter: 2843
     0 | D:1      | 0 ||| qw: Always use a shield: true
     0 | D:1      | 0 ||| qw: God list: Okawaru
     0 | D:1      | 0 ||| qw: Allow faded altars: false
     0 | D:1      | 0 ||| qw: Do Orc after D:15 true
     0 | D:1      | 0 ||| qw: Do second Lair branch before Depths: true
     0 | D:1      | 0 ||| qw: Lair rune preference: random
     0 | D:1      | 0 ||| qw: Plans: Normal
     0 | D:1      | 0 ||| PLANNING D:1-11
   161 | D:1      | Reached XP level 2. HP: 25/25 MP: 1/1
   162 | D:1      | Reached skill level 5 in Ranged Weapons
   177 | D:1      | Reached skill level 3 in Fighting
   219 | D:1      | 219 ||| Stepping ~*~*~tactically~*~*~ (water).
   264 | D:1      | Reached XP level 3. HP: 31/31 MP: 2/2
   328 | D:1      | 328 ||| UPGRADING to +0 ring mail.
   346 | D:1      | 346 ||| DROPPING +0 leather armour.
   546 | D:1      | 546 ||| READING scroll labelled AMIEMU LACLOA.
   547 | D:1      | 547 ||| READING scroll labelled ISKEFOY LYURAB.
   548 | D:1      | 548 ||| READING 2 scrolls labelled FAVVUTOORE.
   549 | D:1      | 549 ||| DRINKING 2 sedimented red potions.
   550 | D:1      | 550 ||| DRINKING 2 fizzy black potions.
   551 | D:1      | 551 ||| DROPPING scroll of butterflies.
   552 | D:1      | 552 ||| DROPPING scroll of noise.
   582 | D:2      | Noticed Sigmund
   602 | D:2      | HP: 1/31 [Sigmund/+0 scythe (10)]
   603 | D:2      | 603 ||| DRINKING potion of heal wounds.
   608 | D:2      | 608 ||| DRINKING potion of curing.
   608 | D:2      | 608 ||| (to cure confusion)
   613 | D:2      | Killed Sigmund
   614 | D:2      | Reached XP level 4. HP: 26/38 MP: 3/3
   614 | D:2      | Reached XP level 5. HP: 31/45 MP: 4/4
  1331 | D:2      | 1331 ||| READING scroll labelled BEDWUT RYXT.
  1571 | D:3      | You fall into a shaft and drop 3 floors!
  1571 | D:6      | Found a hide-covered altar of Uskayaw.
  1586 | D:6      | Reached XP level 6. HP: 44/51 MP: 5/5
  1615 | D:6      | 1615 ||| READING scroll labelled JEASTO RUZE.
  1616 | D:6      | 1616 ||| READING scroll labelled PUMUAR ARUXKI.
  1617 | D:6      | 1617 ||| READING scroll labelled LEOJAR VEWUTO.
  1622 | D:6      | 1622 ||| READING scroll labelled TASHRY ZAJOPO.
  1623 | D:6      | 1623 ||| DRINKING 2 ruby potions.
  1624 | D:6      | 1624 ||| Stepping randomly (stuck).
  1625 | D:6      | 1625 ||| Stepping randomly (stuck).
  1626 | D:6      | 1626 ||| Stepping randomly (stuck).
  1627 | D:6      | 1627 ||| Stepping randomly (stuck).
  1628 | D:6      | 1628 ||| Stepping randomly (stuck).
  1629 | D:6      | 1629 ||| Stepping randomly (stuck).
  1630 | D:6      | 1630 ||| Stepping randomly (stuck).
  1631 | D:6      | 1631 ||| Stepping randomly (stuck).
  1643 | D:6      | Reached skill level 6 in Ranged Weapons
  1742 | D:6      | 1742 ||| Stepping randomly (stuck).
  1743 | D:6      | 1743 ||| Stepping randomly (stuck).
  1744 | D:6      | 1744 ||| Stepping randomly (stuck).
  1745 | D:6      | 1745 ||| Stepping randomly (stuck).
  1746 | D:6      | 1746 ||| Stepping randomly (stuck).
  1747 | D:6      | 1747 ||| Stepping randomly (stuck).
  1748 | D:6      | 1748 ||| Stepping randomly (stuck).
  1749 | D:6      | 1749 ||| Stepping randomly (stuck).
  1750 | D:6      | 1750 ||| Stepping randomly (stuck).
  1751 | D:6      | 1751 ||| Stepping randomly (stuck).
  1752 | D:6      | 1752 ||| Stepping randomly (stuck).
  1753 | D:6      | 1753 ||| Stepping randomly (stuck).
  1754 | D:6      | 1754 ||| Stepping randomly (stuck).
  1755 | D:6      | 1755 ||| Stepping randomly (stuck).
  1756 | D:6      | 1756 ||| Stepping randomly (stuck).
  1757 | D:6      | 1757 ||| Stepping randomly (stuck).
  1778 | D:6      | Noticed an orc warrior
  1786 | D:6      | HP: 8/51 [orc warrior/+0 war axe (8)]
  1787 | D:6      | 1787 ||| DRINKING 3 potions of curing.
  1787 | D:6      | 1787 ||| (to cure confusion)
  1791 | D:6      | HP: 4/51 [orc wizard/+0 dagger (1)]
  1791 | D:6      | Slain by an orc priest

Levels and vault maps discovered:
D:1:      kennysheep_arrival_forest, layout_rooms, nrook_uturn,
          serial_bayou_ford_a, serial_bayou_lake_a
D:2:      layout_basic, uniq_sigmund
D:3:      layout_loops_ring, hellmonk_ecumenical_altar_prayer_group,
          serial_rivers, chequers_serial_rivers_micro_c,
          chequers_serial_rivers_large_a, chequers_serial_rivers_small_b,
          chequers_serial_rivers_small_b, chequers_serial_rivers_micro_a,
          chequers_serial_rivers_marsh
D:6:      layout_rooms, mainiacjoe_overflow_alcove_1,
          nicolae_overflow_crystal_walls

Skill      XL: |  1  2  3  4  5  6 |
---------------+-------------------+-----
Ranged Weapons | 5 6 |  6.1
Fighting       | 3 |  3.6
Armour         | 5 |  5.3
Dodging        | |  2.1
Stealth        | |  0.7

Action                     |  1- 3 |  4- 6 || total
---------------------------+-------+-------++-------
   Fire: Shortbow          |    79 |    82 ||   161
    Use: Potion            |     4 |     2 ||     6
         Scroll            |     3 |     5 ||     8
 Armour: Leather armour    |     2 |       ||     2
         Ring mail         |     3 |    19 ||    22
  Dodge: Dodged            |    16 |    35 ||    51

Table legend:
 A = Non-vault XP
 B = Vault XP
 C = Vault XP percentage of total XP
 D = Non-vault monster count
 E = Vault monster count
 F = Vault count percentage of total count
                 A         B        C        D         E       F
            +---------+---------+-------+---------+---------+-------
      Total |     247 |     239 |  49.2 |      48 |       1 |   2.0
            +---------+---------+-------+---------+---------+-------
        D:1 |      51 |       0 |   0.0 |      25 |       0 |   0.0
        D:2 |      40 |     239 |  85.7 |       9 |       1 |  10.0
        D:3 |      28 |       0 |   0.0 |       9 |       0 |   0.0
        D:6 |     128 |       0 |   0.0 |       5 |       0 |   0.0
            +---------+---------+-------+---------+---------+-------
